 Dungeon Crawl Stone Soup version 0.27.0-1-g7a089689b8 (webtiles) character file.

Game seed: 6397119597187150186

9 zarnack the Covered (level 2, -1/27 HPs)
             Began as a Minotaur Fighter on Aug 10, 2021.
             Succumbed to an adder's poison
             ... on level 2 of the Dungeon.
             The game lasted 00:00:49 (133 turns).

zarnack the Covered (Minotaur Fighter)               Turns: 133, Time: 00:00:49

Health: -1/27      AC:  7    Str: 20    XL:     2   Next: 6%
Magic:  1/1        EV:  7    Int:  5    God:
Gold:   0          SH:  9    Dex:  9    Spells: 1/1 levels left

rFire    . . .     SeeInvis .   a - +0 long sword
rCold    . . .     Faith    .   c - +0 kite shield
rNeg     . . .     Spirit   .   b - +0 scale mail
rPois    .         Reflect  .   (helmet restricted)
rElec    .         Harm     .   (no cloak)
rCorr    .         Rampage  .   (no gloves)
Will     .....                  (no boots)
Stlth    ..........             (no amulet)
HPRegen  0.09/turn              (no ring)
MPRegen  0.07/turn              (no ring)

@: lethally poisoned (-1 -> -10)
A: horns 2, retaliatory headbutt
a: no special abilities


You were on level 2 of the Dungeon.
You visited 1 branch of the dungeon, and saw 2 of its levels.

Inventory:

Hand Weapons
 a - a +0 long sword (weapon)
Armour
 b - a +0 scale mail (worn)
 c - a +0 kite shield (worn)
Scrolls
 f - a scroll of fog {unknown}
Potions
 d - 2 potions of might
 e - a potion of berserk rage {unknown}


   Skills:
 + Level 3.7 Fighting
 + Level 2.6 Long Blades
 + Level 4.0 Armour
 + Level 3.8 Shields


You had one spell level left.
You didn't know any spells.
Your spell library was empty.

Dungeon Overview and Level Annotations

Branches:
Dungeon (2/15)

Altars:


Innate Abilities, Weirdness & Mutations

You have a pair of horns on your head.
You reflexively headbutt those who attack you in melee.


Message History

A giant cockroach comes into view.
The goblin hits you with a +0 club.
You barely miss the goblin. You block the goblin's attack.
The goblin hits you with a +0 club.
You hit the goblin. Your headbutt misses the goblin.
The goblin is moderately wounded.
You block the kobold's attack. The goblin hits you but does no damage.
You block the adder's attack. You block the kobold's attack.
You hit the goblin but do no damage.
The goblin is moderately wounded.
The adder bites you.
You are poisoned.
The adder poisons you! The goblin hits you but does no damage.
You block the kobold's attack. The adder bites you but does no damage.
The goblin hits you with a +0 club. The giant cockroach barely misses you.
You furiously retaliate!
You headbutt the giant cockroach.
You riposte.
You hit the giant cockroach. You headbutt the giant cockroach.
You kill the giant cockroach!
You slash the kobold!
You kill the kobold!
You feel sick. The adder bites you.
You are more poisoned.
The adder poisons you! The goblin hits you with a +0 club.
* * * LOW HITPOINT WARNING * * *
The adder bites you but does no damage.
You have reached level 2!
You feel sick. You block the adder's attack.
The goblin hits you but does no damage.
You see here a giant cockroach corpse.
You feel sick.
Found a stone staircase leading down.
You slash the goblin!
You kill the goblin!
* * * LOW HITPOINT WARNING * * *
You feel sick. The adder bites you.
* * * LOW HITPOINT WARNING * * *
You are more poisoned.
The adder poisons you! You block the adder's attack.
You closely miss the adder.
You die...

#............
#............
#............
#.<..........
#..........$.
#............
#......#####
#####)S########
#.)@......#
#...#####.#
......#
.........
#......##.
#....... ..
#....... #
#..>...


You could see an adder.

Vanquished Creatures
  A ball python (D:1)
  An endoplasm (D:1)
  2 giant cockroaches
  A goblin (D:2)
  A hobgoblin (D:1)
  2 kobolds
8 creatures vanquished.

Notes
Turn   | Place    | Note
-------+----------+-------------------------------------------
     0 | D:1      | zarnack the Minotaur Fighter began the quest for the Orb.
     0 | D:1      | Reached XP level 1. HP: 19/19 MP: 0/0
   112 | D:1      | Reached skill level 4 in Armour
   130 | D:2      | Reached XP level 2. HP: 8/27 MP: 1/1
   133 | D:2      | Succumbed to an adder's poison

Illustrated notes

Levels and vault maps discovered:
D:1:      shiori_arrival_maze, layout_loops_ring, basic_ecumenical_altar
D:2:      layout_basic, basic_altar, hangedman_decor_opposing,
          palyth_stone_intersect, minmay_vboxes, uniq_natasha

Skill      XL: |  1 |
---------------+----+-----
Armour         | 4 |  4.0
Fighting       | |  3.7
Long Blades    | |  2.6
Shields        | |  3.8

Action                   || total
-------------------------++-------
Melee: Long sword        ||    16
       Headbutt          ||     1
Armor: Scale mail        ||     8
Dodge: Dodged            ||     3
Block: Kite shield       ||    12
       Rpst.: Long sword ||     1
